 Dungeon Crawl Stone Soup version 0.26.1-11-gd32895ea62 (webtiles) character file.

Game seed: 2098053465049907954

403 Descartes the Ruffian (level 6, -9/55 HPs)
             Began as a Troll Warper on May 30, 2021.
             Killed from afar by Dowan (16 damage)
             ... with a stone arrow
             ... on level 4 of the Dungeon.
             The game lasted 00:08:54 (2546 turns).

Descartes the Ruffian (Troll Warper)                Turns: 2546, Time: 00:08:55

Health: -9/55      AC:  6    Str: 20    XL:     6   Next: 55%
Magic:  6/6        EV: 10    Int: 10    God:
Gold:   133        SH:  0    Dex: 10    Spells: 7/7 levels left

rFire    x . .     SeeInvis +     - Unarmed
rCold    + . .     Faith    .   (no shield)
rNeg     . . .     Spirit   .   a - +0 robe
rPois    .         Reflect  .   (helmet restricted)
rElec    .         Harm     .   (no cloak)
rCorr    .         Rampage  .   (gloves unavailable)
Will     .....                  (boots unavailable)
Stlth    +.........             (no amulet)
HPRegen  0.58/turn              m - ring of see invisible
MPRegen  0.10/turn              r - ring of ice

@: flying, hasted, very quick
A: large, unfitting armour, claws 3, regeneration 1, shaggy fur 1, tough skin 3
a: no special abilities


You were on level 4 of the Dungeon.
You visited 1 branch of the dungeon, and saw 4 of its levels.

You collected 133 gold pieces.

Inventory:

Missiles
 d - 5 boomerangs of dispersal (quivered)
 f - 119 stones
 j - 13 bolts
 k - 32 arrows
 l - 62 sling bullets
 u - 4 boomerangs
Armour
 a - a +0 robe (worn)
Jewellery
 m - a ring of see invisible (left claw)
 r - a ring of ice (right claw)
Scrolls
 c - 2 scrolls of blinking
 e - a scroll of fear
 n - 3 scrolls of remove curse
 s - a scroll of identify
 v - a scroll of immolation
 w - 2 scrolls of teleportation
 y - a scroll of fog
Potions
 b - a potion of invisibility {unknown}
 g - 5 potions of attraction {unknown}
 h - a potion of curing {unknown}
 i - a potion of flight
 o - a potion of ambrosia {unknown}
 p - a potion of cancellation {unknown}
 q - a potion of berserk rage {unknown}
 t - a potion of haste
 x - a potion of brilliance {unknown}


   Skills:
 - Level 1.5 Fighting
 + Level 2.4 Throwing
 + Level 3.1 Dodging
 * Level 4.7 Unarmed Combat
 - Level 1.2 Spellcasting
 + Level 3.2 Translocations


You had 7 spell levels left.
You didn't know any spells.
Your spell library contained the following spells:

 Spells                   Type           Power        Failure   Level
 Blink                    Tloc           N/A          14%         2
 Gell's Gravitas          Tloc           3%           26%         3
 Lesser Beckoning         Tloc           3%           26%         3
 Teleport Other           Tloc           7%           26%         3
 Passage of Golubria      Tloc           N/A          65%         4


Dungeon Overview and Level Annotations

Branches:
Dungeon (4/15)
 Temple: D:4-7

Altars:
Hepliaklqana

Annotations:
D:4 Dowan


Innate Abilities, Weirdness & Mutations

You are too large for most types of armour.
You have claws for hands.
Your natural rate of healing is unusually fast.
You are covered in fur. (AC +1)
You have extremely tough skin. (AC +3)


Message History

You hear the slow rusting of a distant drain.
Dowan hits you but does no damage.
Unknown command.
You barely miss Dowan. Dowan hits you but does no damage.
Dowan hits you with a +0 dagger.
You barely miss Dowan. Dowan hits you but does no damage.
You scratch Dowan. You claw Dowan.
Dowan is moderately wounded.
Dowan gestures at you while chanting. The shard of ice hits you!
You partially resist.
* * * LOW HITPOINT WARNING * * *
Dowan hits you with a +0 dagger.
* * * LOW HITPOINT WARNING * * *
It was a potion of flight.
You feel very buoyant.
You fly up into the air.
Dowan hits you but does no damage.
It was a potion of haste.
You feel yourself speed up. Dowan casts a spell at you.
The stone arrow hits you!
You die...

### ... #.#
########## #.#
#.).@e...# #.######
#.######.#
###.#....####.######
))..'....e..e.$......
###.#....####+#######
#)####.....$.. #.#
#.......# ###.#
#.......# ..#.#
#.......#


You could see Dowan (fast).

Vanquished Creatures
  2 orc priests (D:4)
  Jessica (D:3)
  2 iguanas (D:2)
  Robin (D:2)
  6 adders
  4 dart slugs
  4 leopard geckos
  7 orcs
  4 giant cockroaches
  18 goblins
  11 hobgoblins
  7 jackals
  A quokka (D:2)
  A ball python (D:2)
  12 bats
  5 frilled lizards
  9 kobolds
  10 rats
105 creatures vanquished.

Vanquished Creatures (others)
  Duvessa (D:4)
1 creature vanquished.

Grand Total: 106 creatures vanquished

Notes
Turn   | Place    | Note
-------+----------+-------------------------------------------
     0 | D:1      | Descartes the Troll Warper began the quest for the Orb.
     0 | D:1      | Reached XP level 1. HP: 19/19 MP: 1/1
   155 | D:1      | Reached XP level 2. HP: 26/27 MP: 2/2
   328 | D:1      | Reached skill level 1 in Throwing
   348 | D:1      | Reached XP level 3. HP: 30/33 MP: 3/3
   734 | D:1      | Found a hazy altar of Hepliaklqana.
   778 | D:2      | Reached skill level 3 in Unarmed Combat
   873 | D:2      | Reached XP level 4. HP: 41/41 MP: 4/4
  1275 | D:2      | Reached XP level 5. HP: 48/48 MP: 5/5
  1559 | D:3      | Noticed Robin
  1650 | D:2      | Killed Robin
  1654 | D:2      | Reached skill level 4 in Unarmed Combat
  1792 | D:3      | Noticed Jessica
  1796 | D:3      | Killed Jessica
  2495 | D:4      | Reached XP level 6. HP: 29/55 MP: 6/6
  2518 | D:4      | Noticed Duvessa
  2520 | D:4      | Noticed Dowan
  2538 | D:4      | Killed Duvessa
  2546 | D:4      | Killed from afar by Dowan

Illustrated notes

Levels and vault maps discovered:
D:1:      dpeg_arrival_lava_altar, layout_basic
D:2:      layout_loops_cross
D:3:      kennysheep_six_static_rooms, layout_rooms, uniq_jessica, uniq_robin
D:4:      layout_basic, gup_sewer_entry_pipe, nrook_campfire, uniq_duvessa

Skill      XL: |  1  2  3  4  5 |
---------------+----------------+-----
Dodging        | 2 3 |  3.1
Throwing       | 1 2 |  2.4
Unarmed Combat | 3 4 |  4.7
Translocations | 3 |  3.2
Fighting       | |  1.5
Spellcasting   | |  1.2

Action                   |  1- 3 |  4- 6 || total
-------------------------+-------+-------++-------
Melee: Unarmed           |    95 |   184 ||   279
       Punch             |     1 |     5 ||     6
  Use: Scroll            |       |     5 ||     5
       Potion            |       |     2 ||     2
 Stab: Sleeping          |     1 |       ||     1
Armor: Robe              |    47 |    91 ||   138
Dodge: Dodged            |    63 |   129 ||   192
